 Dungeon Crawl Stone Soup version 0.30-a0-341-g682706514a (webtiles) character file.

Game seed: 12125891827294405972

7744 ragingrage the Destroyer (level 11, -4/74 (75) HPs)
             Began as a Mummy Wanderer on Nov 2, 2022.
             Was a Believer of Sif Muna.
             Slain by a centaur warrior (9 damage)
             ... on level 11 of the Dungeon on Nov 3, 2022.
             The game lasted 00:29:50 (16841 turns).

ragingrage the Destroyer (Mummy Wanderer)          Turns: 16841, Time: 00:29:50

HP:   -4/74 (75)    AC:  7    Str: 19    XL:     11   Next: 0%
MP:   9/23          EV: 11    Int: 18    God:    Sif Muna [**....]
Gold: 623           SH:  6    Dex: 10    Spells: 11/26 levels left

rFire   x . .      SeeInvis .    F - +3 broad axe of Efoc {vorpal, rC+ Str+4}
rCold   + + +      Faith    +    e - +2 buckler
rNeg    + + +      Spirit   .    H - +1 robe {rC+}
rPois   ∞          Reflect  .    A - +0 hat
rElec   .          Harm     .    a - +0 cloak
rCorr   +          Rampage  .    s - +2 pair of gloves
Will    +....                    (no boots)
Stlth   +.........               (no amulet)
HPRegen 0.32/turn                u - ring of resist corrosion
MPRegen 0.18/turn                (no ring)

@: about to teleport, lightly drained
A: cold resistance 1, negative energy resistance 3, torment resistance 2, heat
vulnerability 1, in touch with death 1, no potions, faith
a: Renounce Religion, Channel Magic


You were on level 11 of the Dungeon.
You worshipped Sif Muna.
Sif Muna was pleased with you.
You visited 2 branches of the dungeon, and saw 12 of its levels.

You collected 856 gold pieces.
You spent 233 gold pieces at shops.

Inventory:

Hand Weapons
 b - a +0 scimitar of flaming
 k - a +0 quarterstaff
 F - the +3 broad axe of Efoc (weapon) {vorpal, rC+ Str+4}
   (You found it on level 10 of the Dungeon)

   It inflicts extra damage upon your enemies.
   Str:       It affects your strength (+4).
   rC:        It protects you from cold.
Missiles
 g - 2 javelins
 h - 4 curare-tipped darts
 i - 2 boomerangs of dispersal
 q - 12 poisoned darts
 y - 6 datura-tipped darts
 D - 6 silver javelins
Armour
 a - a +0 cloak (worn)
 e - a +2 buckler (worn)
 s - a +2 pair of gloves (worn)
 A - a +0 hat (worn)
 H - a +1 robe of cold resistance (worn)
Jewellery
 u - a ring of resist corrosion (left hand)
 G - a ring of ice
Wands
 d - a wand of digging (4)
 w - a wand of flame (34)
 B - a wand of roots (5)
 C - a wand of mindburst (8)
Scrolls
 c - 3 scrolls of butterflies
 f - 2 scrolls of blinking
 j - 5 scrolls of amnesia
 l - a scroll of enchant armour {unknown}
 m - 5 scrolls of teleportation
 n - a scroll of enchant weapon
 o - 7 scrolls of noise
 p - 2 scrolls of immolation
 r - a scroll of identify
 t - a scroll of vulnerability
 v - a scroll of fear {unknown}
 x - a scroll of summoning {unknown}
 z - 2 scrolls of poison
 E - a scroll of magic mapping
 I - a scroll of torment {unknown}


   Skills:
 - Level 3.4 Fighting
 - Level 2.4 Dodging
 - Level 1.0 Stealth
 - Level 2.1 Shields
 - Level 8.0 Spellcasting
 + Level 11.3 Conjurations
 - Level 4.0 Translocations
 + Level 1.2 Air Magic
 - Level 5.0 Invocations


You had 11 spell levels left.
You knew the following spells:

 Your Spells              Type           Power      Damage    Failure   Level
a - Apportation           Tloc           42%        N/A       2%          1
b - Momentum Strike       Conj/Tloc      68%        3d9       1%          2
c - Searing Ray           Conj           94%        2d7       1%          2
d - Iskenderun's Mystic   Conj/Tloc      34%        2d8       5%          4
e - Kiss of Death         Conj/Necr      100%       2d13      1%          1
f - Lightning Bolt        Conj/Air       14%        1d28      26%         5

Your spell library contained the following spells:

 Spells                   Type           Power      Damage    Failure   Level
 Static Discharge         Conj/Air       58%        2-5/arc   1%          2
 Vhi's Electric Charge    Tloc/Air       32%        N/A       13%         3
 Kindle Blastsparks       Fire/Tloc/Air  26%        2d12      19%         3
 Arcjolt                  Conj/Air       14%        1d24      26%         5
 Irradiate                Conj/Tmut      13%        3d16      34%         5
 Confusing Touch          Hex            7%         N/A       36%         3
 Ignite Poison            Fire/Tmut/Pois 7%         N/A       36%         3
 Freezing Cloud           Conj/Ice/Air   11%        6-21      54%         5
 Dispel Undead            Necr           10%        3d9       77%         4
 Petrify                  Tmut/Erth      7%         N/A       77%         4
 Metabolic Englaciation   Hex/Ice        3%         N/A       98%         5
 Blade Hands              Tmut           Unusable   N/A       N/A         5
 Statue Form              Tmut/Erth      Unusable   N/A       N/A         6
 Dragon Form              Tmut           Unusable   N/A       N/A         7

Dungeon Overview and Level Annotations

Branches:
Dungeon (11/15)            Temple (1/1) D:6            Lair (0/5) D:11
    Orc (0/2) D:11

Altars:
Cheibriados
Dithmenos
Fedhas
Ru
Sif Muna
Vehumet
Xom

Shops:
D:10 ?

Annotations:
D:3 2 transporters, hgbash's ghost, amateur KoBr
D:8 Gastronok
D:9 Grum
D:11 drewk1942's ghost, novice GnAr


Innate Abilities, Weirdness & Mutations

You are immune to poison.
Your flesh is cold resistant. (rC+)
You are immune to negative energy. (rN+++)
You are immune to unholy pain and torment.
You are vulnerable to heat. (rF-)
You are in touch with the powers of death.
You do not drink.
You have a special connection with the divine. (Faith)


Message History

Aim: a centaur warrior, wielding a +0 shortbow (severely wounded, 87% to hit)
The searing ray hits the centaur warrior!
The centaur warrior is severely wounded. (Press . to maintain the ray.)
The centaur warrior shoots an arrow.
You block the arrow.
A kobold demonologist comes into view. It is wielding a +0 dagger.
The centaur warrior shoots an arrow.
The arrow hits you!
* * * LOW HITPOINT WARNING * * *
The searing ray hits the centaur warrior.
The centaur warrior is severely wounded.
The centaur warrior shoots an arrow.
The arrow hits you!
* * * LOW HITPOINT WARNING * * *
You can't drink.
As you read the scroll of butterflies, it crumbles to dust.
You hear the tinkle of a tiny bell.
You are no longer robbed of momentum.
The centaur warrior unwields a +0 shortbow.
The centaur warrior hits your butterfly.
Your butterfly dies!
Your butterfly disappears in a burst of colours!
The kobold demonologist mumbles some strange words.
Okay, then.
Unknown command.
You swap places.
The smoke demon roars!
The centaur warrior hits your butterfly!
Your butterfly dies!
Your butterfly disappears in a burst of colours!
The centaur warrior hits your butterfly!
Your butterfly dies!
Your butterfly disappears in a burst of colours!
The kobold demonologist completely misses your butterfly.
As you read the scroll of teleportation, it crumbles to dust.
You feel strangely unstable.
The vampire mosquito closely misses your butterfly.
The kobold demonologist hits your butterfly with a +0 dagger.
Your butterfly dies!
Your butterfly disappears in a burst of colours!
You swap places.
The centaur warrior hits you!
You die...

### #.# #. #.###.# #3
.#....# #K #.##### #.
#.# #b #.# #b## #.# #bb#
#.#### #b### #.##.###
####@#.##
.......######.>#cbb.####
........))......bbbbb..+
#......######..bbb.b.###
###..#<# #b##b#b#.#
###.##.# #b##y###.#
.......# #.##.# #.#
######## #.#..# #.# $$ W
#.#.## #.#


You could see a centaur warrior (ally target), a kobold demonologist (ally
target), a smoke demon (summoned) and a vampire mosquito.

Vanquished Creatures
  Erolcha (D:11)
  Erica (D:11)
  A two-headed ogre (D:9)
  Pikel (D:6)
  An ugly thing (D:11)
  A manticore (D:10)
  A komodo dragon (D:10)
  A troll (D:9)
  2 hornets
  2 shadows (D:11)
  2 wraiths (D:10)
  A vampire (D:9)
  3 wyverns
  4 yaks
  A steam dragon (D:8)
  2 vampire mosquitoes (D:11)
  Menkaure (D:4)
  A hell hound (D:11)
  2 acid dragons (D:10)
  2 water moccasins
  A sky beast (D:7)
  An ice beast (D:6)
  4 orc warriors
  A black bear (D:7)
  2 ogres
  5 centaurs
  2 wolves
  2 lemures
  2 kobold brigands
  5 bullfrogs
  A gnoll sergeant (D:11)
  2 necrophages
  A scorpion (D:3)
  2 wights
  2 howler monkeys
  3 crimson imps (D:4)
  A hound (D:5)
  A jelly (D:6)
  2 orc priests (D:4)
  2 iguanas
  5 orc wizards
  9 gnolls
  6 adders
  A shadow imp (D:8)
  2 worms (D:2)
  A dart slug (D:1)
  15 orcs
  A ball python (D:2)
  6 endoplasms
  3 goblins
  4 hobgoblins
  4 jackals
  8 kobolds
  5 quokkas
  2 bats
  4 rats
149 creatures vanquished.

Vanquished Creatures (collateral kills)
  An orc priest (D:7)
1 creature vanquished.

Vanquished Creatures (others)
  Fannar (D:11)
  A vampire (D:9)
  An acid dragon (D:9)
  A centaur (D:8)
  3 wights (D:8)
  A crimson imp (D:4)
  A jelly (D:5)
  An orc priest (D:4)
  2 hounds
  2 iguanas
  7 adders
  5 gnolls
  2 white imps
  10 orcs
  2 endoplasms
  A giant cockroach (D:1)
  5 goblins
  3 hobgoblins
  A jackal (D:2)
  4 quokkas
  6 bats
  3 frilled lizards
  A kobold (D:1)
  A rat (D:1)
65 creatures vanquished.

Grand Total: 215 creatures vanquished

Notes
Turn   | Place    | Note
-------+----------+-------------------------------------------
     0 | D:1      | ragingrage the Mummy Wanderer began the quest for the Orb.
     0 | D:1      | ragingrage set off with the following items: a +0 club, a
                  | +0 leather armour, 2 scrolls of butterflies; and the
                  | following spell memorised: Apportation; and the following
                  | spells available to memorise: Momentum Strike, Searing Ray,
                  | Iskenderun's Mystic Blast.
     0 | D:1      | Reached XP level 1. HP: 16/16 MP: 2/2
   269 | D:1      | Reached XP level 2. HP: 22/22 MP: 4/4
   305 | D:1      | Learned a level 2 spell: Momentum Strike
  1028 | D:1      | Reached skill level 2 in Conjurations
  1758 | D:2      | Gained mutation: You are in touch with the powers of death.
                  | [Mummy growth]
  1758 | D:2      | Reached XP level 3. HP: 24/27 MP: 1/5
  2470 | D:2      | Reached skill level 3 in Conjurations
  2967 | D:3      | Noticed a scorpion
  3304 | D:3      | Killed a scorpion
  3305 | D:3      | Reached XP level 4. HP: 33/33 MP: 3/6
  3335 | D:3      | Learned a level 2 spell: Searing Ray
  3516 | D:3      | Found a transporter.
  3520 | D:3      | Found a transporter.
  3520 | D:3      | Noticed hgbash's ghost (amateur KoBr)
  3553 | D:3      | Noticed a phantom
  3777 | D:4      | Noticed a necrophage
  3783 | D:4      | Killed a necrophage
  4249 | D:5      | Entered Level 5 of the Dungeon
  4401 | D:5      | Found a blossoming altar of Fedhas.
  4529 | D:5      | Noticed a water moccasin
  4532 | D:5      | Killed a water moccasin
  4533 | D:5      | Reached XP level 5. HP: 25/38 MP: 2/9
  4847 | D:6      | Noticed a centaur
  4852 | D:6      | Killed a centaur
  4853 | D:6      | Reached skill level 4 in Conjurations
  5041 | D:6      | Found a shimmering blue altar of Sif Muna.
  5043 | D:6      | Found a radiant altar of Vehumet.
  5047 | D:6      | Noticed an ice beast
  5105 | D:6      | Became a worshipper of Sif Muna the Loreminder
  5160 | D:6      | Found a staircase to the Ecumenical Temple.
  5166 | D:6      | Killed an ice beast
  5167 | D:6      | Reached XP level 6. HP: 44/44 MP: 2/12
  5975 | D:5      | Reached skill level 5 in Spellcasting
  5975 | D:5      | Reached skill level 5 in Conjurations
  6577 | D:4      | Noticed Menkaure
  6653 | D:5      | Reached XP level 7. HP: 50/50 MP: 8/14
  6698 | D:5      | Learned a level 4 spell: Iskenderun's Mystic Blast
  7481 | D:4      | Found a shimmering altar of Xom.
  7516 | D:4      | Killed Menkaure
  7889 | D:4      | Reached * piety under Sif Muna
  8865 | D:7      | Noticed Pikel
  9611 | D:7      | Reached skill level 6 in Conjurations
  9611 | D:7      | Reached XP level 8. HP: 56/56 MP: 17/17
  9899 | D:6      | Killed Pikel
 10607 | D:8      | Reached skill level 7 in Conjurations
 10762 | D:8      | Reached XP level 9. HP: 48/61 MP: 8/21
 10954 | D:7      | Reached skill level 8 in Conjurations
 11763 | D:8      | Noticed Gastronok
 11998 | D:9      | Reached skill level 1 in Invocations
 11998 | D:9      | Noticed a two-headed ogre
 12000 | D:9      | Learned a level 1 spell: Kiss of Death
 12007 | D:9      | Killed a two-headed ogre
 12240 | D:9      | Found a snail-covered altar of Cheibriados.
 12240 | D:9      | Found a sacrificial altar of Ru.
 12435 | D:9      | Noticed Grum
 12495 | Temple   | Entered the Ecumenical Temple
 12769 | D:7      | Reached skill level 9 in Conjurations
 13012 | D:9      | Noticed a troll
 13072 | D:9      | Killed a troll
 13120 | D:10     | Entered Level 10 of the Dungeon
 13145 | D:10     | Found a shadowy altar of Dithmenos.
 13303 | D:10     | Reached ** piety under Sif Muna
 13304 | D:10     | Reached skill level 5 in Invocations
 13571 | D:10     | Noticed a komodo dragon
 13597 | D:10     | Killed a komodo dragon
 13598 | D:10     | Reached XP level 10. HP: 67/67 MP: 15/22
 13796 | D:10     | Found Readyf's Magic Scroll Shop.
 13829 | D:10     | Bought a scroll of teleportation for 39 gold pieces
 13829 | D:10     | Bought a scroll of blinking for 97 gold pieces
 13829 | D:10     | Bought a scroll of magic mapping for 97 gold pieces
 13852 | D:10     | Noticed a manticore
 13988 | D:10     | Reached skill level 10 in Conjurations
 14363 | D:10     | Noticed a two-headed ogre
 14971 | D:10     | Killed a manticore
 15277 | D:10     | Identified the +3 broad axe of Efoc {vorpal, rC+ Str+4}
 15342 | D:11     | Found a staircase to the Lair.
 15352 | D:11     | Found a staircase to the Orcish Mines.
 15659 | D:11     | Noticed Fannar
 15681 | D:11     | Killed Fannar
 15682 | D:11     | Reached skill level 1 in Shields
 15682 | D:11     | Reached skill level 11 in Conjurations
 15835 | D:11     | Noticed drewk1942's ghost (novice GnAr)
 15835 | D:11     | Noticed a lich
 15836 | D:11     | Noticed a manticore
 15836 | D:11     | Noticed a skeletal warrior
 15837 | D:11     | Noticed a necromancer
 15865 | D:11     | Noticed a brown ugly thing
 15884 | D:11     | Killed a brown ugly thing
 15971 | D:11     | Noticed Erica
 15984 | D:11     | Killed Erica
 16315 | D:11     | Learned a level 5 spell: Lightning Bolt
 16566 | D:11     | Noticed Erolcha
 16571 | D:11     | Killed Erolcha
 16572 | D:11     | Reached skill level 1 in Air Magic
 16572 | D:11     | Reached XP level 11. HP: 67/74 MP: 8/23
 16820 | D:11     | Noticed a centaur warrior
 16841 | D:11     | Slain by a centaur warrior

Illustrated notes

Levels and vault maps discovered:
D:1:      scummos_arrival_simple_fountains, layout_basic
D:2:      layout_loops_ring, minmay_misc_feat_rugged
D:3:      layout_rooms, gammafunk_ghost_mausoleum
D:4:      layout_basic, led_xom_imps, uniq_menkaure
D:5:      layout_loops_cross, fedhas_bush_and_centaur_altar, roderic_lattice_a
D:6:      layout_basic, mainiacjoe_overflow_catwalk_spiral,
          minmay_temple_entry_offerings
D:7:      layout_gridville, st_stairs_13, uniq_pikel
D:8:      lemuel_ice_spiral_2, layout_rooms, tso_altar,
          hangedman_abyss_or_decor_slice, serial_park_tiny_2, uniq_gastronok
D:9:      layout_rooms, gammafunk_temple_overflow_pools, uniq_grum
D:10:     minmay_clustersquares, layout_irregular_city,
          nicolae_dithmenos_the_darkroom, serial_shops, shop
D:11:     layout_loops_corners, lair_entry_dummy, orc_0_dummy,
          muffindrake_ghost_dual_entry, minmay_rotating_lava, uniq_erica,
          uniq_fannar, uniq_erolcha
Temple:   minmay_temple_curvy_branch

Skill      XL: |  1  2  3  4  5  6  7  8  9 10 |
---------------+-------------------------------+-----
Conjurations   | 2 3 4 5 6 7 9 11 | 11.3
Spellcasting   | 3 4 5 6 8 |  8.0
Translocations | 4 |  4.0
Invocations    | 5 |  5.0
Shields        | 2 |  2.1
Fighting       | 3 |  3.4
Dodging        | 2 |  2.4
Air Magic      | 1 |  1.2
Stealth        | |  1.0

Action                   |  1- 3 |  4- 6 |  7- 9 | 10-12 || total
-------------------------+-------+-------+-------+-------++-------
Melee: Whip              |    98 |       |       |       ||    98
       Club              |     8 |       |       |       ||     8
       Punch             |     1 |       |       |     1 ||     2
       Quarterstaff      |    42 |    42 |    75 |       ||   159
       Falchion          |       |       |     1 |    16 ||    17
       Broad axe         |       |       |       |     3 ||     3
Throw: Dart              |       |       |    16 |     7 ||    23
 Cast: Momentum Strike   |    48 |    43 |    53 |    22 ||   166
       Searing Ray       |       |    14 |    44 |    34 ||    92
       Iskenderun's Myst |       |       |     7 |     8 ||    15
       Kiss of Death     |       |       |     4 |     3 ||     7
Evoke: Wand              |       |       |     6 |     2 ||     8
  Use: Scroll            |       |       |     2 |     8 ||    10
Armor: Leather armour    |    54 |    35 |    57 |    19 ||   165
       Robe              |       |       |       |     5 ||     5
Dodge: Dodged            |   130 |    68 |   117 |    59 ||   374
Block: Buckler           |       |       |       |     9 ||     9

Table legend: (Time is in decaauts)
 A = Elapsed time spent in this place.
 B = Non-inter-level travel time spent in this place.
 C = Inter-level travel time spent in this place.
 D = Time resting spent in this place.
 E = Time spent auto-exploring this place.
 F = Levels seen in this place.
 G = Mean time per level.
                   A        B        C        D        E       F      G
               +--------+--------+--------+--------+--------+-----+--------+
         Total |  16931 |  15956 |    975 |   6176 |   7104 |  12 | 1410.9 |
       Dungeon |  16929 |  15954 |    975 |   6176 |   7104 |  11 | 1539.0 |
        Temple |      1 |      1 |      0 |      0 |      0 |   1 |    1.0 |
               +--------+--------+--------+--------+--------+-----+--------+

Top non-repeatable levels by time:
     D:7: 2710 daAuts
     D:6: 2018 daAuts
    D:10: 1893 daAuts
     D:2: 1751 daAuts
     D:4: 1697 daAuts
    D:11: 1504 daAuts
     D:1: 1355 daAuts
     D:5: 1303 daAuts
     D:8: 1086 daAuts
     D:9: 1003 daAuts
     D:3: 604 daAuts
  Temple: 1 daAuts
